 Dungeon Crawl Stone Soup version 0.28-a0-239-g68911e0c57 (webtiles) character file.

Game seed: 7835571224321642718

72 lmSkywalker the Poker (level 4, -1/33 HPs)
             Began as a Merfolk Gladiator on Aug 23, 2021.
             Slain by an orc wizard (3 damage)
             ... on level 2 of the Dungeon.
             The game lasted 00:02:11 (1000 turns).

lmSkywalker the Poker (Merfolk Gladiator)           Turns: 1000, Time: 00:02:12

Health: -1/33      AC:  5    Str: 14    XL:     4   Next: 25%
Magic:  4/4        EV: 13    Int:  8    God:
Gold:   15         SH:  0    Dex: 15    Spells: 3/3 levels left

rFire   . . .      SeeInvis .   a - +0 trident
rCold   . . .      Faith    .   (no shield)
rNeg    . . .      Spirit   .   b - +0 leather armour
rPois   .          Reflect  .   c - +1 helmet
rElec   .          Harm     .   (no cloak)
rCorr   .          Rampage  .   (no gloves)
Will    .....                   (no boots)
Stlth   +.........              (no amulet)
HPRegen 0.11/turn               (no ring)
MPRegen 0.09/turn               (no ring)

@: no status effects
A: (nimble swimmer 2), mertail
a: no special abilities


You were on level 2 of the Dungeon.
You visited 1 branch of the dungeon, and saw 2 of its levels.

You collected 15 gold pieces.

Inventory:

Hand Weapons
 a - a +0 trident (weapon)
Missiles
 d - 3 throwing nets (quivered)
Armour
 b - a +0 leather armour (worn)
 c - a +1 helmet (worn)
Scrolls
 e - a scroll of enchant armour
 f - a scroll of identify {unknown}
 g - a scroll of magic mapping {unknown}
Potions
 h - a potion of invisibility {unknown}


   Skills:
 - Level 2.1 Fighting
 + Level 7.2 Polearms
 - Level 2.0 Throwing
 - Level 4.0 Dodging


You had 3 spell levels left.
You didn't know any spells.
Your spell library was empty.

Dungeon Overview and Level Annotations

Branches:
Dungeon (2/15)

Altars:


Innate Abilities, Weirdness & Mutations

((You are quick and stealthy near water. (Stealth+, EV+, Speed+++)))
Your lower body shifts to a powerful aquatic tail in water.


Message History

The dart slug completely misses you.
You hit something but do no damage.
You hear some strange, mumbled words.
A magic dart appears from out of thin air!
The magic dart hits you!
You hit something. The dart slug misses you.
Something hits you but does no damage.
You miss something. Something hits you but does no damage.
You hit something. The dart slug launches a dart at you.
The slug dart hits you.
You hear some strange, mumbled words.
A magic dart appears from out of thin air!
The magic dart hits you but does no damage.
You puncture something! The dart slug launches a dart at you.
The slug dart hits you.
* * * LOW HITPOINT WARNING * * *
Something hits you but does no damage.
You hit something but do no damage. Something hits you but does no damage.
The dart slug closely misses you.
You barely miss something. Something hits you but does no damage.
You miss something. The dart slug misses you.
Something hits you but does no damage.
You miss something. The dart slug closely misses you.
You barely miss something. Something hits you.
* * * LOW HITPOINT WARNING * * *
You hit something.
You hear some strange, mumbled words.
Something tries to affect you, but you resist.
The dart slug launches a dart at you.
The slug dart hits you but does no damage.
You miss something.
You hear some strange, mumbled words.
Something tries to affect you, but you resist.
You closely miss something. The dart slug barely misses you.
Something hits you.
* * * LOW HITPOINT WARNING * * *
You miss something. Something hits you.
You die...

# # #. .#. ...
#.############
#...)@w)......
###.#{#.......
#.....#.......
#.#####.......
#[ ....... .
....... ##
#######


You could see a dart slug.

Vanquished Creatures
  An orc priest (D:2)
  2 dart slugs (D:1)
  An orc (D:2)
  4 bats (D:1)
  An endoplasm (D:1)
  A giant cockroach (D:1)
  7 goblins
  6 hobgoblins
  4 jackals (D:1)
  2 kobolds
  2 frilled lizards
  5 rats
36 creatures vanquished.

Notes
Turn   | Place    | Note
-------+----------+-------------------------------------------
     0 | D:1      | lmSkywalker the Merfolk Gladiator began the quest for the
                  | Orb.
     0 | D:1      | Reached XP level 1. HP: 16/16 MP: 1/1
    77 | D:1      | Reached skill level 5 in Polearms
    77 | D:1      | Reached XP level 2. HP: 19/22 MP: 2/2
   547 | D:1      | Reached skill level 6 in Polearms
   547 | D:1      | Reached XP level 3. HP: 24/27 MP: 3/3
   974 | D:2      | Reached skill level 7 in Polearms
   974 | D:2      | Reached XP level 4. HP: 29/33 MP: 4/4
  1000 | D:2      | Slain by an orc wizard

Illustrated notes

Levels and vault maps discovered:
D:1:      beargit_arrival_diablo_church, layout_rooms, minmay_misc_feat_pillars,
          fountainhead
D:2:      layout_basic

Skill      XL: |  1  2  3 |
---------------+----------+-----
Polearms       | 5 6 7 |  7.2
Fighting       | |  2.1
Throwing       | |  2.0
Dodging        | |  4.0

Action                   |  1- 3 |  4- 6 || total
-------------------------+-------+-------++-------
Melee: Trident           |   102 |    22 ||   124
       Tailslap          |     3 |       ||     3
  Use: Scroll            |     1 |       ||     1
 Stab: Sleeping          |     6 |       ||     6
Armor: Leather armour    |    15 |     9 ||    24
Dodge: Dodged            |    48 |    11 ||    59

Table legend: (Time is in decaauts)
 A = Elapsed time spent in this place.
 B = Non-inter-level travel time spent in this place.
 C = Inter-level travel time spent in this place.
 D = Time resting spent in this place.
 E = Time spent auto-exploring this place.
 F = Levels seen in this place.
 G = Mean time per level.
                   A        B        C        D        E       F      G
               +--------+--------+--------+--------+--------+-----+--------+
         Total |    989 |    932 |     57 |      0 |    687 |   2 |  494.5 |
       Dungeon |    989 |    932 |     57 |      0 |    687 |   2 |  494.5 |
               +--------+--------+--------+--------+--------+-----+--------+

Top non-repeatable levels by time:
     D:1: 852 daAuts
     D:2: 136 daAuts
